 Dungeon Crawl Stone Soup version 0.19.0-2-gae57169 (webtiles) character file.

20422 Leibowitz the Spear-Bearer (level 12, 0/101 HPs)
             Began as a Demigod Gladiator on Nov 4, 2016.
             Slain by a minotaur
             ... wielding a +4 rod of clouds (0/12)
              (5 damage)
             ... in a labyrinth on Nov 5, 2016.
             The game lasted 01:10:50 (17040 turns).

Leibowitz the Spear-Bearer (Demigod Gladiator)     Turns: 17040, Time: 01:10:50

Health: 0/101      AC: 17    Str: 26    XL:     12   Next: 16%
Magic:  18/18      EV: 18    Int: 12    God:
Gold:   458        SH:  0    Dex: 26    Spells: 2 memorised, 11 levels left

rFire  . . .     SeeInvis .     a - +2 trident (flame)
rCold  . . .     Gourm    .     h - +6 ring mail "Goirit" {rElec Str+8 Dex+2}
rNeg   . . .     Faith    .     (no shield)
rPois  +         Spirit   .     D - +2 hat {MR+}
rElec  +         Reflect  .     k - +0 cloak
rCorr  +         Harm     .     (no gloves)
MR     ++...                    A - +0 pair of boots
Stlth  +++.......               (no amulet)
                                O - ring of Ycesuz {+Fly rPois}
                                i - ring of resist corrosion

@: very slightly contaminated, hasted, very quick
A: high mp 1
a: Evoke Flight


You were in a labyrinth.
You were not hungry.

You visited 4 branches of the dungeon, and saw 16 of its levels.
You also visited: Labyrinth and Sewer.

You collected 683 gold pieces.
You spent 225 gold pieces at shops.

Inventory:

Hand Weapons
 a - a +2 trident of flaming (weapon)
 F - a +3 scimitar of flaming
Missiles
 r - 8 curare-tipped needles
 s - 2 throwing nets (quivered)
 t - 16 poisoned needles
 I - 2 javelins
Armour
 h - the +6 ring mail "Goirit" (worn) {rElec Str+8 Dex+2}
   (You bought it in a shop on level 4 of the Dungeon)

   It affects your strength (+8).
   It affects your dexterity (+2).
   It insulates you from electricity.
 k - a +0 cloak (worn)
 A - a +0 pair of boots (worn)
 D - a +2 hat of magic resistance (worn)
Jewellery
 i - a ring of resist corrosion (left hand)
 B - an uncursed ring of wizardry
 O - the ring of Ycesuz (right hand) {+Fly rPois}
   (You found it on level 2 of the Lair of Beasts)

   [ring of flight]

   It protects you from poison.
   It lets you fly.
Wands
 b - a wand of heal wounds (0/9)
 e - a wand of lightning (0/15)
 l - a wand of disintegration (5/24)
 y - a wand of flame (2/48)
 E - a wand of slowing (11/48)
 L - a wand of acid (3/15)
 R - a wand of acid (6/15)
Scrolls
 c - 3 scrolls of recharging
 d - 4 scrolls of fear
 g - 5 scrolls of teleportation
 j - 2 scrolls of amnesia
 m - 15 scrolls of identify
 n - 3 scrolls of blinking
 p - 5 scrolls of fog
 q - 3 scrolls of remove curse
 w - 4 scrolls of enchant armour
 x - a scroll of enchant weapon
 C - 5 scrolls of magic mapping
Potions
 G - 4 potions of curing
 H - 2 potions of brilliance
 K - a potion of agility
 N - 2 potions of lignification
Books
 M - a Young Poisoner's Handbook

   Spells                             Type                      Level
   a - Sting                          Conjuration/Poison           1
   b - Mephitic Cloud                 Conjuration/Poison/Air       3
   c - Olgreb's Toxic Radiance        Poison                       4
   d - Alistair's Intoxication        Transmutation/Poison         5
   e - Venom Bolt                     Conjuration/Poison           5
 P - a book of the Sky

   Spells                             Type                      Level
   a - Summon Lightning Spire         Summoning/Air                4
   b - Airstrike                      Air                          4
   c - Silence                        Hexes/Air                    5
   d - Deflect Missiles               Charms/Air                   6
   e - Conjure Ball Lightning         Conjuration/Air              6
   f - Tornado                        Air                          9
Comestibles
 f - 8 bread rations
 o - 3 slices of pizza
 u - 2 beef jerkies
 v - a royal jelly
 z - a meat ration


   Skills:
 + Level 7.7 Fighting
 + Level 12.8 Polearms
 + Level 2.7 Throwing
 + Level 7.1 Armour
 + Level 6.9 Dodging
 + Level 5.9 Stealth
 + Level 2.1 Spellcasting
 + Level 1.6 Conjurations
 + Level 0.1 Air Magic
 + Level 2.0 Poison Magic
 + Level 1.5 Evocations


You had 11 spell levels left.
You knew the following spells:

 Your Spells              Type           Power        Failure   Level  Hunger
a - Sting                 Conj/Pois      #...         21%         1    ##.....
b - Mephitic Cloud        Conj/Pois/Air  #.......     77%         3    ####...


Dungeon Overview and Level Annotations

Branches:
Dungeon (11/15)            Temple (1/1) D:5            Lair (3/6) D:10
 Shoals (1/4) Lair:2          Orc (0/2) D:9
  Snake: Lair:2-4    Spider: Lair:2-4

Shops:
D:4 *   D:5 ?   D:7 [

Annotations:
D:10 Nergalle; Timinator's ghost, novice MiFi
Lair:1 exclusion: Harold


Innate Abilities, Weirdness & Mutations

You have an increased reservoir of magic. (+10% MP)


Message History

The minotaur is almost dead.
You are engulfed in roaring flames.
The minotaur misses you. The minotaur completely misses you.
You closely miss the minotaur.
The minotaur furiously retaliates!
The minotaur headbutts you!
* * * LOW HITPOINT WARNING * * *
The minotaur is almost dead.
You are engulfed in roaring flames.
* * * LOW HITPOINT WARNING * * *
The minotaur hits you but does no damage.
The minotaur closely misses you.
Evoke which item? (* to show all) (? for menu, Esc to quit)
Zapping:
b - a wand of heal wounds {zapped: 6} (will waste charges)
Press: ? - help, Shift-Dir - straight line, f - you Nothing appears to happen.
You are engulfed in roaring flames.
* * * LOW HITPOINT WARNING * * *
The minotaur hits you with a rod of clouds.
* * * LOW HITPOINT WARNING * * *
The minotaur gores you.
You die...

.. # . #.# .
. . ÷ . # #.
.# # / . ...
....#. # # #
## .. . .#.
. . .# # ##
# ... # .
.#.# #.
...... .#.
## # . .
#.########.
. # ####
.#.#..H@§§#
# .# #.
#.#.####§# #
# #. #..#.#
#.# # .
..#.#
####.#. . #
#.... ...# #
#.
##########.#
. . ... . .
.. . . .. .
.# ###
##.#.# #


You could see a minotaur.

Vanquished Creatures
  Gastronok (D:9)
  A hydra (Lair:2)
  Erolcha (D:10)
  Harold (Lair:1)
  Erica (D:8)
  The ghost of Tyryt0 the Chopper, a novice DgFi (D:6)
  2 harpies (Lair:2)
  A black mamba (Lair:1)
  A torpor snail (Lair:2)
  A rime drake (Lair:3)
  2 spiny frogs (Lair:2)
  A komodo dragon (Lair:2)
  2 merfolk (Lair:2)
  A snapping turtle (Lair:2)
  4 hippogriffs
  5 blink frogs
  15 yaks
  2 hungry ghosts (D:9)
  2 basilisks (Lair:1)
  Grum (D:8)
  2 porcupines (Lair:2)
  7 water moccasins
  3 black bears
  2 phantoms
  3 sky beasts
  7 orc warriors
  9 ogres
  4 necrophages
  4 wolves (D:8)
  4 centaurs
  7 crocodiles
  Blork the orc (D:4)
  13 bullfrogs
  2 water moccasin zombies (D:7)
  5 scorpions
  8 killer bees (D:8)
  A howler monkey (D:9)
  5 wights
  An electric eel (Lair:2)
  3 crimson imps
  A centaur zombie (D:10)
  A bullfrog zombie (D:7)
  6 hounds
  2 jellies (D:9)
  3 bullfrog skeletons
  4 orc priests
  13 orc wizards
  2 iguanas
  9 worker ants
  A hound zombie (D:8)
  A hound skeleton (D:8)
  A mummy (D:9)
  3 worker ant zombies (D:10)
  7 gnolls
  11 adders
  A howler monkey skeleton (D:6)
  6 river rats
  2 shadow imps (D:6)
  An adder skeleton (D:7)
  An adder zombie (D:5)
  3 worms
  2 dart slugs (D:2)
  9 leopard geckos
  48 orcs
  6 giant cockroaches
  5 goblins
  4 hobgoblins
  11 jackals
  6 quokkas
  21 bats
  8 frilled lizards
  A jackal skeleton (D:4)
  6 kobolds
  A quokka skeleton (D:5)
  16 rats
  A plant (Lair:1)
361 creatures vanquished.

Vanquished Creatures (others)
  15 fungi
  A plant (D:10)
16 creatures vanquished.

Grand Total: 377 creatures vanquished

Notes
Turn   | Place    | Note
-------+----------+-------------------------------------------
     0 | D:1      | Leibowitz the Demigod Gladiator began the quest for the Orb.
     0 | D:1      | Reached XP level 1. HP: 17/17 MP: 3/3
     0 | D:1      | Noticed a mottled draconian
     0 | D:1      | Noticed a tentacled monstrosity
     4 | D:1      | Noticed a shadow dragon
     5 | D:1      | Noticed an iron dragon
     6 | D:1      | Noticed an iron dragon
     7 | D:1      | Noticed an iron dragon
    10 | D:1      | Noticed a shadow dragon
    12 | D:1      | Noticed a shadow dragon
    14 | D:1      | Noticed a red draconian
    14 | D:1      | Noticed a shadow dragon
    14 | D:1      | Noticed an ice dragon
    16 | D:1      | Noticed a red draconian
    16 | D:1      | Noticed an orb of fire
    18 | D:1      | Noticed a shadow dragon
    18 | D:1      | Noticed a shadow dragon
    20 | D:1      | Noticed an orb of fire
   122 | D:1      | Reached skill level 3 in Polearms
   154 | D:1      | Reached XP level 2. HP: 22/24 MP: 4/4
   871 | D:2      | Reached XP level 3. HP: 28/29 MP: 5/5
  1074 | D:2      | Gained mutation: You tend to lose your temper in combat. [potion of mutation]
  1074 | D:2      | Gained mutation: You are weak. (Str -2) [potion of mutation]
  1535 | D:3      | Found a basalt altar of Yredelemnul.
  1583 | D:3      | Found a burning altar of Makhleb.
  1595 | D:3      | Reached XP level 4. HP: 25/37 MP: 6/6
  1777 | D:3      | Reached skill level 4 in Polearms
  1788 | D:3      | Reached skill level 1 in Armour
  2252 | D:3      | Found a shimmering altar of Xom.
  2253 | D:3      | Found a burning altar of Makhleb.
  2280 | D:3      | Reached XP level 5. HP: 42/42 MP: 7/7
  2364 | D:3      | Found a white marble altar of Elyvilon.
  2364 | D:3      | Found a glowing silver altar of Zin.
  2365 | D:3      | Found a glowing golden altar of the Shining One.
  2371 | D:3      | Lost mutation: You are weak. (Str -2) [potion of beneficial mutation]
  2455 | D:4      | Found an iron altar of Okawaru.
  2568 | D:4      | Found Peryal's Assorted Antiques.
  2670 | D:4      | Reached skill level 1 in Stealth
  2990 | D:4      | Noticed an ogre
  2997 | D:4      | Killed an ogre
  2997 | D:4      | Reached skill level 5 in Polearms
  2997 | D:4      | Reached XP level 6. HP: 50/50 MP: 8/8
  3319 | D:4      | Noticed Blork the orc
  3325 | D:4      | Killed Blork the orc
  3412 | D:5      | Entered Level 5 of the Dungeon
  3532 | D:5      | Found a staircase to the Ecumenical Temple.
  3556 | D:5      | Reached XP level 7. HP: 22/57 MP: 8/10
  3706 | D:5      | Found a glowing drain.
  3751 | Sewer    | Entered a sewer
  4505 | D:5      | Reached skill level 6 in Polearms
  5139 | D:4      | Bought a diamond-encrusted ring mail for 225 gold pieces
  5149 | D:4      | Identified the +6 ring mail "Goirit" {rElec Str+8 Dex+2} (You bought it in a shop on level 4 of the Dungeon)
  5156 | D:5      | Found Lufaj's Magic Scroll Shop.
  5259 | D:5      | Reached XP level 8. HP: 53/66 MP: 11/11
  5451 | D:5      | Found an ancient bone altar of Kikubaaqudgha.
  5454 | D:5      | Found a shadowy altar of Dithmenos.
  5457 | D:5      | Found a blossoming altar of Fedhas.
  5476 | Temple   | Entered the Ecumenical Temple
  5512 | D:5      | Reached skill level 7 in Polearms
  5532 | D:6      | Noticed Tyryt0's ghost (novice DgFi)
  5554 | D:6      | Killed Tyryt0's ghost
  5850 | D:6      | Reached skill level 8 in Polearms
  6092 | D:6      | Noticed a hippogriff
  6140 | D:6      | Killed a hippogriff
  6244 | D:6      | Reached XP level 9. HP: 68/71 MP: 12/12
  6408 | D:7      | Found Wubbomez's Armour Emporium.
  6782 | D:7      | Reached skill level 9 in Polearms
  7063 | D:7      | Reached skill level 5 in Armour
  7431 | D:7      | Reached skill level 5 in Fighting
  7813 | D:8      | Reached skill level 5 in Dodging
  8075 | D:8      | Noticed Grum
  8083 | D:8      | Killed Grum
  8083 | D:8      | Reached skill level 10 in Polearms
  8099 | D:8      | Reached XP level 10. HP: 58/81 MP: 13/13
  8355 | D:8      | Noticed Erica
  8389 | D:8      | Killed Erica
  8389 | D:8      | Reached skill level 1 in Evocations
  9664 | D:9      | Found a staircase to the Orcish Mines.
  9678 | D:9      | Found a stormy altar of Qazlal.
  9895 | D:9      | Noticed Gastronok
 10107 | D:9      | Killed Gastronok
 10107 | D:9      | Reached skill level 11 in Polearms
 10107 | D:9      | Reached skill level 5 in Stealth
 10186 | D:10     | Entered Level 10 of the Dungeon
 10851 | D:10     | Lost mutation: You tend to lose your temper in combat. [potion of cure mutation]
 10869 | D:10     | Reached XP level 11. HP: 91/91 MP: 14/14
 10926 | D:10     | Noticed Timinator's ghost (novice MiFi)
 11252 | D:10     | Noticed Erolcha
 11274 | D:10     | Killed Erolcha
 11605 | D:10     | Found a staircase to the Lair.
 11773 | D:10     | Noticed Nergalle
 12067 | Lair:1   | Entered Level 1 of the Lair of Beasts
 12391 | Lair:1   | Reached skill level 12 in Polearms
 12651 | Lair:1   | Learned a level 1 spell: Sting
 13265 | Lair:1   | Noticed Harold
 13315 | Lair:1   | Reached skill level 1 in Spellcasting
 13333 | Lair:1   | Reached skill level 1 in Poison Magic
 13346 | Lair:1   | Reached skill level 1 in Conjurations
 13548 | Lair:1   | Killed Harold
 13654 | Lair:1   | Found an iron altar of Okawaru.
 14084 | Lair:2   | Learned a level 3 spell: Mephitic Cloud
 14459 | Lair:2   | Noticed a four-headed hydra
 14460 | Lair:2   | Got a shimmering leather armour
 14486 | Lair:2   | Killed a four-headed hydra
 14497 | Lair:2   | Identified the +3 leather armour of the Five Tales {Dex+6} (You found it on level 2 of the Lair of Beasts)
 14779 | Lair:2   | Found a staircase to the Shoals.
 15046 | Shoals:1 | Entered Level 1 of the Shoals
 15046 | Shoals:1 | Noticed a harpy
 15047 | Shoals:1 | Noticed a harpy
 15047 | Shoals:1 | Noticed a harpy
 15063 | Lair:2   | Killed a harpy
 15252 | Lair:2   | Killed a harpy
 16032 | Lair:2   | Got a shimmering marble ring
 16034 | Lair:2   | Identified the ring of Ycesuz {+Fly rPois} (You found it on level 2 of the Lair of Beasts)
 16051 | Lair:2   | Reached XP level 12. HP: 100/100 MP: 18/18
 16832 | Lair:3   | Found a labyrinth entrance.
 16842 | Lab      | Entered a labyrinth
 17028 | Lab      | Noticed a minotaur
 17040 | Lab      | HP: 5/101 [minotaur/rod of clouds (6)]
 17040 | Lab      | Identified a +4 rod of clouds (0/12)
 17040 | Lab      | Slain by a minotaur

Skill      XL: |  1  2  3  4  5  6  7  8  9 10 11 12 |
---------------+-------------------------------------+-----
Polearms       | 3 4 5 6 8 10 11 12 | 12.8
Fighting       | 2 3 4 5 6 7 |  7.7
Dodging        | 3 4 5 6 |  6.9
Armour         | 1 2 3 4 5 6 7 |  7.1
Throwing       | 2 |  2.7
Stealth        | 1 2 3 4 5 |  5.9
Evocations     | 1 |  1.5
Spellcasting   | 2 |  2.1
Poison Magic   | 2 |  2.0
Conjurations   | 1 |  1.6
Air Magic      | |  0.1

Action                   |  1- 3 |  4- 6 |  7- 9 | 10-12 || total
-------------------------+-------+-------+-------+-------++-------
Melee: Trident           |   147 |   170 |   560 |  1002 ||  1879
Throw: Throwing net      |       |     3 |     1 |     7 ||    11
       Javelin           |       |       |       |     1 ||     1
 Cast: Sting             |       |       |       |    60 ||    60
       Mephitic Cloud    |       |       |       |     1 ||     1
Evoke: Wand              |       |     4 |     5 |    12 ||    21
  Use: Scroll            |     7 |       |     4 |     5 ||    16
       Potion            |     6 |     3 |     6 |     5 ||    20
 Stab: Held in net/web   |       |     5 |       |     8 ||    13
       Sleeping          |       |     2 |    12 |     6 ||    20
       Distracted        |       |     1 |     2 |     4 ||     7
       Invisible         |       |     1 |       |       ||     1
       Confused          |       |       |       |     1 ||     1
  Eat: Chunk             |     2 |     7 |    14 |    30 ||    53
       Pizza             |       |       |     1 |       ||     1
       Beef jerky        |       |       |       |     3 ||     3
       Fruit             |       |       |       |     1 ||     1
Armor: Leather armour    |    32 |       |       |       ||    32
       Ring mail         |     6 |    42 |   183 |   266 ||   497
Dodge: Dodged            |   107 |    81 |   409 |   577 ||  1174
